 Dungeon Crawl Stone Soup version 0.19-a0-1823-g21c7ecd (webtiles) character file.

501 Gorfmaster the Reanimator (level 6, -1/41 HPs)
             Began as a Mummy Necromancer on Oct 4, 2016.
             Was an Initiate of Yredelemnul.
             Slain by a slave (6 damage)
             ... led by Pikel
             ... on level 5 of the Dungeon on Oct 6, 2016.
             The game lasted 00:40:46 (5506 turns).

Gorfmaster the Reanimator (Mummy Necromancer)       Turns: 5506, Time: 00:40:47

Health: -1/41      AC:  5    Str: 12    XL:     6   Next: 95%
Magic:  6/9        EV: 12    Int: 16    God:    Yredelemnul [......]
Gold:   150        SH:  0    Dex: 18    Spells: 4 memorised, 0 levels left

rFire  + . .     SeeInvis .     i - +2 morningstar (curse)
rCold  . . .     Gourm    .     a - +0 robe
rNeg   + + +     Faith    .     (no shield)
rPois  ∞         Spirit   .     e - +0 helmet of Eternal Vigilance {rF+ Dex+6} (curse)
rElec  .         Dismiss  .     (no cloak)
rCorr  .         Reflect  .     (no gloves)
MR     .....     Harm     .     f - +1 pair of boots
Stlth  +.........               (no amulet)
                                (no ring)
                                l - ring of fire

@: confused
A: no food or potions, fire vulnerability, cold resistance 1, negative energy
resistance 3, torment resistance, unbreathing
a: Renounce Religion


You were on level 5 of the Dungeon.
You worshipped Yredelemnul.
Yredelemnul was noncommittal.
You were not hungry.

You visited 2 branches of the dungeon, and saw 6 of its levels.

You collected 150 gold pieces.

Inventory:

Hand Weapons
 g - a cursed +2 dagger
 i - a cursed +2 morningstar (weapon)
Armour
 a - a +0 robe (worn)
 e - the cursed +0 helmet of Eternal Vigilance (worn) {rF+ Dex+6}
   (You took it off Robin on level 2 of the Dungeon)

   It affects your dexterity (+6).
   It protects you from fire.
   It has a curse placed upon it.
 f - a +1 pair of boots (worn)
Jewellery
 l - a ring of fire (left hand)
Wands
 c - a wand of polymorph (13/24)
 d - a wand of digging (8/24)
 k - a wand of disintegration (5/24)
Scrolls
 m - a scroll of identify
Books
 b - a book of Necromancy

   Spells                             Type                      Level
   a - Pain                           Necromancy                   1
   b - Animate Skeleton               Necromancy                   1
   c - Vampiric Draining              Necromancy                   3
   d - Regeneration                   Charms/Necromancy            3
   e - Animate Dead                   Necromancy                   4
   f - Control Undead                 Necromancy                   4
 h - a book of Minor Magic

   Spells                             Type                      Level
   a - Magic Dart                     Conjuration                  1
   b - Blink                          Translocation                2
   c - Call Imp                       Summoning                    2
   d - Repel Missiles                 Charms/Air                   2
   e - Slow                           Hexes                        2
   f - Conjure Flame                  Conjuration/Fire             3
   g - Mephitic Cloud                 Conjuration/Poison/Air       3


   Skills:
 - Level 1.6 Dodging
 - Level 1.5 Stealth
 - Level 2.0 Spellcasting
 + Level 8.4 Necromancy


You couldn't memorise any spells.
You knew the following spells:

 Your Spells              Type           Power        Failure   Level  Hunger
a - Pain                  Necr           ####         1%          1    N/A
b - Animate Skeleton      Necr           N/A          1%          1    N/A
c - Vampiric Draining     Necr           ####......   1%          3    N/A
d - Control Undead        Necr           ####......   10%         4    N/A

Dungeon Overview and Level Annotations

Branches:
Dungeon (5/15)             Temple (1/1) D:5

Altars:
Dithmenos
Kikubaaqudgha
Nemelex Xobeh
Okawaru
Sif Muna
Xom
Yredelemnul

Portals:
Ossuary: D:5

Annotations:
D:5 Pikel


Innate Abilities, Weirdness & Mutations

You do not eat or drink.
Your flesh is vulnerable to fire.
You are immune to poison.
Your flesh is cold resistant. (rC+)
You are immune to negative energy. (rN+++)
You are immune to unholy pain and torment.
You can survive without breathing.


Message History

* * * LOW HITPOINT WARNING * * *
You bump into the rock wall.
The shadow imp hits you but does no damage.
You hit the shadow imp.
You kill the shadow imp!
Yredelemnul accepts your kill. The slave barely misses you.
You bump into the rock wall.
The slave hits you.
* * * LOW HITPOINT WARNING * * *
You're too confused to cast spells.
There isn't anything here!
You hear the brisk hiss of a distant avalanche of sand.
The slave hits you.
* * * LOW HITPOINT WARNING * * *
You bump into the rock wall.
You miss the slave. The slave hits you but does no damage.
The slave closely misses you.
You're too confused to move!
The slave hits you.
You die...
Yredelemnul claims you as an undead slave.

# #....#
#.##)# #.##.#
#.##.# ####
#.##.# ...##
..##.# ∩..8#
####.# ...##
#######p#
.###
#.....p@# .#
##.#######
∩########..#
...........#
..........###
(...........#
#####....##.#
#....†.....#
##.###....###


You could see 2 slaves.

Vanquished Creatures
  A slave (D:4)
  An ogre (D:4)
  A scorpion (D:5)
  3 wights (D:4)
  A hound (D:4)
  A worker ant (D:3)
  Robin (D:2)
  7 adders
  A shadow imp (D:5)
  An ooze (D:3)
  A worm (D:3)
  2 dart slugs
  5 leopard geckos
  4 orcs
  3 ball pythons
  6 bats
  A giant cockroach (D:3)
  14 goblins
  13 hobgoblins
  11 jackals
  A quokka (D:2)
  6 frilled lizards
  6 kobolds
  2 leopard gecko skeletons (D:4)
  14 rats
107 creatures vanquished.

Notes
Turn   | Place    | Note
-------+----------+-------------------------------------------
     0 | D:1      | Gorfmaster the Mummy Necromancer began the quest for the Orb.
     0 | D:1      | Reached XP level 1. HP: 13/13 MP: 3/3
     2 | D:1      | Learned a level 1 spell: Animate Skeleton
   216 | D:1      | Reached XP level 2. HP: 19/19 MP: 1/5
  1002 | D:1      | Reached XP level 3. HP: 24/24 MP: 3/6
  1004 | D:1      | Reached skill level 5 in Necromancy
  1325 | D:2      | Noticed Robin
  1781 | D:2      | Killed Robin
  1784 | D:2      | Got a heavily runed helmet
  1790 | D:2      | Identified the cursed +0 helmet of Eternal Vigilance {rF+ Dex+6} (You took it off Robin on level 2 of the Dungeon)
  2035 | D:2      | Learned a level 3 spell: Vampiric Draining
  2068 | D:2      | Reached XP level 4. HP: 30/30 MP: 3/7
  2679 | D:3      | Reached skill level 6 in Necromancy
  3075 | D:3      | Upgraded the game from 0.19-a0-1805-g5e8c22d to 0.19-a0-1823-g21c7ecd
  3174 | D:3      | Reached XP level 5. HP: 35/35 MP: 4/8
  4258 | D:4      | Reached skill level 7 in Necromancy
  4508 | D:4      | Reached XP level 6. HP: 41/41 MP: 9/9
  4529 | D:4      | Learned a level 4 spell: Control Undead
  4785 | D:4      | Reached skill level 8 in Necromancy
  5083 | D:5      | Entered Level 5 of the Dungeon
  5083 | D:5      | Found a staircase to the Ecumenical Temple.
  5101 | Temple   | Entered the Ecumenical Temple
  5127 | Temple   | Became a worshipper of Yredelemnul the Dark
  5146 | Temple   | Learned a level 1 spell: Animate Skeleton
  5199 | D:5      | Noticed a slave
  5212 | D:5      | Noticed a slave
  5212 | D:5      | Noticed a slave
  5221 | D:5      | Noticed Pikel
  5229 | D:4      | Killed a slave
  5361 | D:5      | Found a sand-covered staircase.
  5449 | D:5      | Noticed a slave
  5469 | D:5      | Noticed Pikel
  5469 | D:5      | Pikel changed into Pikel the golden eye
  5506 | D:5      | Slain by a slave

Vault maps used:
D:1:      erik_arrival_orb_chamber
D:2:      first_bread, uniq_robin
D:4:      st_stairs_8
D:5:      grunt_temple_overflow_cloverleaf, chequers_ossuary_entry_cave,
          uniq_blork_the_orc, uniq_pikel
Temple:   nicolae_temple_elliptical

Skill      XL: |  1  2  3  4  5  6 |
---------------+-------------------+-----
Necromancy     | 5 6 7 8 |  8.4
Dodging        | |  1.6
Stealth        | |  1.5
Spellcasting   | |  2.0

Action                   |  1- 3 |  4- 6 || total
-------------------------+-------+-------++-------
Melee: Unarmed           |    27 |       ||    27
       Mace              |     3 |       ||     3
       Flail             |       |    19 ||    19
       Morningstar       |       |    15 ||    15
 Cast: Pain              |    76 |   132 ||   208
       Animate Skeleton  |     5 |    14 ||    19
       Vampiric Draining |       |     3 ||     3
Evoke: Wand              |       |    10 ||    10
  Use: Scroll            |     2 |     5 ||     7
Armor: Robe              |    15 |    33 ||    48
Dodge: Dodged            |    36 |    74 ||   110
